 Dungeon Crawl Stone Soup version 0.28.0-53-g5a82cb258f (webtiles) character file.

Game seed: 7790252081370493198

88 Duralumin the Chopper (level 4, -8/35 HPs)
             Began as a Formicid Fighter on June 14, 2022.
             Killed by divine providence
             ... invoked by an orc priest
              (15 damage)
             ... on level 2 of the Dungeon.
             The game lasted 00:05:19 (1538 turns).

Duralumin the Chopper (Formicid Fighter)            Turns: 1538, Time: 00:05:20

Health: -8/35      AC:  6    Str: 23    XL:     4   Next: 82%
Magic:  4/4        EV:  9    Int:  7    God:
Gold:   131        SH:  4    Dex: 10    Spells: 3/3 levels left

rFire   . . .      SeeInvis +   a - +0 war axe
rCold   . . .      Faith    .   c - +0 buckler
rNeg    . . .      Spirit   .   b - +0 scale mail
rPois   .          Reflect  .   (helmet unavailable)
rElec   .          Harm     .   (no cloak)
rCorr   .          Rampage  .   (no gloves)
Will    .....                   (no boots)
Stlth   ..........              (no amulet)
HPRegen 0.11/turn               (no ring)
MPRegen 0.09/turn               (no ring)

@: no status effects
A: permanent stasis, dig shafts and tunnels, antennae 3, four strong arms
a: Dig, Shaft Self


You were on level 2 of the Dungeon.
You visited 1 branch of the dungeon, and saw 3 of its levels.

You collected 131 gold pieces.

Inventory:

Hand Weapons
 a - a +0 war axe (weapon)
 k - a +0 flail
Missiles
 e - 6 boomerangs (quivered)
Armour
 b - a +0 scale mail (worn)
 c - a +0 buckler (worn)
Jewellery
 h - a ring of fire
Scrolls
 f - a scroll of teleportation {unknown}
 g - 2 scrolls of blinking {unknown}
 i - 2 scrolls of identify {unknown}
Potions
 d - a potion of might


   Skills:
 - Level 3.2 Fighting
 + Level 4.6 Axes
 - Level 3.2 Armour
 - Level 3.6 Shields


You had 3 spell levels left.
You didn't know any spells.
Your spell library was empty.

Dungeon Overview and Level Annotations

Branches:
Dungeon (3/15)

Altars:

Shops:
D:1 :*:*[


Innate Abilities, Weirdness & Mutations

You cannot be hasted, slowed, berserked, paralysed or teleported.
You can dig through walls and to a lower floor.
You have a pair of large antennae on your head. (SInv)
Your four strong arms can wield two-handed weapons with a shield.


Message History

You slash the orc!
You kill the orc!
No target in view!
Things that are here:
a +0 club; an orc corpse
There is a stone staircase leading down here.
Things that are here:
a +0 hand axe; a +0 ring mail; an orc corpse
There is a stone staircase leading down here.
You start resting.
HP restored.
You climb downwards.
An adder comes into view.
The orc priest closely misses you.
There is a stone staircase leading up, spattered with blood here.
You hit the orc priest.
The orc priest is moderately wounded.
You closely miss the orc. The orc hits you with a +0 short sword.
The orc priest hits you with a +0 flail.
You barely miss the orc priest.
The orc priest is moderately wounded.
You barely miss the orc. The orc barely misses you.
The orc priest barely misses you. The orc closely misses you.
The orc priest hits you with a +0 flail.
The adder closely misses you. The orc barely misses you.
The orc priest hits you with a +0 flail!
You climb upwards.
The orc falls through a shaft!
The shaft crumbles and collapses.
There is a stone staircase leading down here.
You slash the orc priest!
The orc priest is almost dead.
You miss the adder. The adder closely misses you.
The orc priest mumbles some strange prayers to Beogh against you.
Beogh smites you!
* * * LOW HITPOINT WARNING * * *
The adder barely misses you.
It was a potion of magic.
Magic courses through your body.
The orc priest mumbles some strange prayers to Beogh against you.
Beogh smites you!
You die...

### ######.....#####
#########...)..........#####
#.........#####...####.....#####
###....#####
##.....#######.....#
.....#..######......^## ##....#
.######.....#.........## #....#
.# #####.#.......^..######...#
## #..(..[.......##......# .#
#.....@o....#....##...# .#
###.^).S^...##.####...#
.######## ##......^##..# #...#
........# ##....^####.# #...#
#.......# ###..######.# #...#
##†.....######...###...#.##
##### #.............### ###.[..#
#......######## ###..# #......#
####


You could see an orc priest and an adder.

Vanquished Creatures
  Terence (D:2)
  A dart slug (D:1)
  5 worms (D:2)
  3 orcs (D:2)
  4 endoplasms
  6 goblins
  2 hobgoblins
  2 jackals (D:1)
  2 kobolds (D:1)
  3 quokkas (D:1)
  2 ball pythons (D:1)
  3 bats
  3 frilled lizards
  6 rats
43 creatures vanquished.

Notes
Turn   | Place    | Note
-------+----------+-------------------------------------------
     0 | D:1      | Duralumin the Formicid Fighter began the quest for the Orb.
     0 | D:1      | Reached XP level 1. HP: 18/18 MP: 1/1
    25 | D:1      | Found Otaphil's General Store.
    48 | D:1      | Found Richoovo's Book Boutique.
   126 | D:1      | Reached XP level 2. HP: 24/24 MP: 2/2
   284 | D:1      | Found Usaamuem's General Store.
   323 | D:1      | Reached skill level 3 in Axes
   337 | D:1      | Found Qeonaiti's Armour Emporium.
   423 | D:1      | Reached XP level 3. HP: 26/29 MP: 3/3
   483 | D:1      | Found Worimpa's Book Boutique.
   542 | D:1      | Found a faded altar of an unknown god.
  1128 | D:2      | Reached skill level 4 in Axes
  1128 | D:2      | Reached XP level 4. HP: 34/35 MP: 4/4
  1339 | D:2      | Noticed Terence
  1347 | D:2      | Killed Terence
  1538 | D:2      | Killed from afar by an orc priest

Illustrated notes

Levels and vault maps discovered:
D:1:      lemuel_arrival_funnel, layout_basic,
          shapermc_ecumenical_altar_flowoftime, serial_shops,
          nicolae_diamond_shop, nicolae_shop_stone, shop_statue, shop_statue,
          nicolae_diamond_shop, serial_bayou_lagoon_b
D:2:      layout_rooms, nicolae_wormholes, uniq_terence
D:3:      layout_loops_corners, mainiacjoe_overflow_cross_hatched, uniq_natasha

Skill      XL: |  1  2  3 |
---------------+----------+-----
Axes           | 3 4 |  4.6
Fighting       | |  3.2
Armour         | |  3.2
Shields        | |  3.6

Action                   |  1- 3 |  4- 6 || total
-------------------------+-------+-------++-------
Melee: War axe           |    55 |    26 ||    81
Throw: Boomerang         |    13 |     1 ||    14
 Abil: Dig               |     1 |       ||     1
  Use: Potion            |       |     1 ||     1
Armor: Scale mail        |    19 |     4 ||    23
Dodge: Dodged            |    23 |    18 ||    41
Block: Buckler           |    11 |     4 ||    15
